 Dungeon Crawl Stone Soup version 0.28-a0-998-gb9e9c7b67e (console) character file.

Game seed: 15215389449072632608

7725 petzl the Covert (level 11, -5/72 HPs)
             Began as an Octopode Arcane Marksman on Dec 5, 2021.
             Was a Believer of Vehumet.
             Shot with an arrow by a centaur warrior (22 damage)
             ... on level 10 of the Dungeon.
             The game lasted 01:26:13 (16978 turns).

petzl the Covert (Octopode Arcane Marksman)        Turns: 16978, Time: 01:26:13

Health: -5/72      AC:  9    Str:  9    XL:     11   Next: 19%
Magic:  19/19      EV: 14    Int: 20    God:    Vehumet [**....]
Gold:   1352       SH:  0    Dex: 13    Spells: 2/21 levels left

rFire   + . .      SeeInvis +   a - +0 demon trident (venom)
rCold   . . .      Faith    .   (no shield)
rNeg    . . .      Spirit   .   (helmet restricted)
rPois   +          Reflect  .   (no amulet)
rElec   +          Harm     .   p - ring "Foefoiro" {rElec rF+ SInv}
rCorr   .          Rampage  .   u - ring of poison resistance
Will    .....                   H - +4 ring of protection
Stlth   +++++.....              G - +4 ring of protection
HPRegen 0.22/turn               (no ring)
MPRegen 0.16/turn               (no ring)
                                (no ring)
                                (no ring)

@: no status effects
A: almost no armour, amphibious, 8 rings, camouflage 1, gelatinous body 1,
(nimble swimmer 1), tentacles
a: Renounce Religion


You were on level 10 of the Dungeon.
You worshipped Vehumet.
Vehumet was pleased with you.
You visited 2 branches of the dungeon, and saw 11 of its levels.
You also visited: Ossuary.

You collected 1709 gold pieces.
You spent 357 gold pieces at shops.

Inventory:

Hand Weapons
 a - a +0 demon trident of venom (weapon)
 b - a +2 hand crossbow
 s - a +0 whip of electrocution
 J - a +4 mace of freezing
Missiles
 c - 58 bolts
 i - 56 poisoned darts (quivered)
 C - a throwing net
Jewellery
 p - the ring "Foefoiro" (left tentacle) {rElec rF+ SInv}
   (You found it on level 5 of the Dungeon)

   [ring of protection from fire]

   rF:        It protects you from fire.
   rElec:     It insulates you from electricity.
   SInv:      It lets you see invisible.
 u - a ring of poison resistance (right tentacle)
 y - the amulet of Yqodica {Harm Regen+ Int+4 Stlth+}
   (You found it on level 6 of the Dungeon)

   [amulet of regeneration]

   Int:       It affects your intelligence (+4).
   Regen:     It increases your rate of health regeneration.
   Harm:      It increases damage dealt and taken.
   Stlth:     It makes you more stealthy.
 G - a +4 ring of protection (on tentacle)
 H - a +4 ring of protection (on tentacle)
Wands
 l - a wand of flame (46)
 D - a wand of digging (9)
 L - a wand of polymorph (4)
Scrolls
 g - 2 scrolls of teleportation
 j - a scroll of magic mapping
 k - a scroll of blinking
 m - a scroll of fog
 n - 3 scrolls of immolation
 q - 3 scrolls of amnesia
 t - a scroll of vulnerability {unknown}
 w - a scroll of enchant armour
 x - a scroll of silence {unknown}
 B - 2 scrolls of fear
 E - 2 scrolls of enchant weapon
 F - a scroll of noise {unknown}
 I - a scroll of holy word
Potions
 d - 2 potions of magic {unknown}
 e - 2 potions of might {unknown}
 f - 2 potions of haste
 h - a potion of mutation {unknown}
 o - a potion of resistance {unknown}
 r - a potion of heal wounds {unknown}
 v - a potion of lignification {unknown}
 z - 2 potions of ambrosia {unknown}
 A - a potion of invisibility {unknown}
 K - a potion of degeneration {unknown}


   Skills:
 + Level 6.2 Fighting
 - Level 3.0 Polearms
 - Level 3.5 Crossbows
 - Level 4.0 Dodging
 - Level 8.1 Stealth
 + Level 5.6 Spellcasting
 * Level 8.1 Conjurations
 - Level 3.0 Hexes
 - Level 4.0 Summonings
 * Level 2.6 Fire Magic
 + Level 2.5 Air Magic
 - Level 6.0 Earth Magic
 - Level 3.0 Evocations


You had 2 spell levels left.
You knew the following spells:

 Your Spells              Type           Power      Damage    Failure   Level
a - Slow                  Hex            68%        N/A       3%          1
b - Stone Arrow           Conj/Erth      66%        3d11      1%          3
c - Shock                 Conj/Air       100%       1d9       1%          1
s - Sticky Flame          Conj/Fire      27%        2d5       12%         4
C - Conjure Ball Lightni  Conj/Air       13%        3x3d6     88%         6
D - Call Canine Familiar  Summ           21%        N/A       6%          3
X - Foxfire               Conj/Fire      100%       2x1d9     1%          1

Your spell library contained the following spells:

 Spells                   Type           Power      Damage    Failure   Level
 Sandblast                Erth           58%        2d13      1%          1
 Static Discharge         Conj/Air       27%        N/A       1%          2
 Passwall                 Tmut/Erth      14%        N/A       4%          2
 Inner Flame              Hex/Fire       16%        N/A       11%         3
 Leda's Liquefaction      Hex/Erth       11%        N/A       17%         4
 Portal Projectile        Hex/Tloc       22%        N/A       19%         3
 Cause Fear               Hex            8%         N/A       32%         4
 Irradiate                Conj/Tmut      10%        3d17      50%         5
 Summon Mana Viper        Hex/Summ       19%        N/A       58%         5
 Dispel Undead            Necr           5%         3d7       73%         4
 Summon Forest            Summ/Tloc      6%         N/A       80%         5
 Blade Hands              Tmut           2%         N/A       97%         5
 Summon Cactus Giant      Summ           10%        N/A       97%         6
 Dragon Form              Tmut           2%         N/A       100%        7
 Discord                  Hex            8%         N/A       100%        8
 Disjunction              Tloc           2%         N/A       100%        8


Dungeon Overview and Level Annotations

Branches:
Dungeon (10/15)            Temple (1/1) D:6         Ossuary (visited)
   Lair: D:8-11         Orc: D:9-12

Altars:
Ashenzari
Fedhas
Kikubaaqudgha
Nemelex Xobeh
Okawaru
Ru
Sif Muna
Trog
Vehumet
Xom
Zin
The Shining One
Lugonu

Shops:
D:7 *

Annotations:
D:8 2 transporters
D:9 3 runed translucent doors, exclusions: 2 killer bees and 1 more exclusion, voltaire321's ghost, novice OpEE
D:10 !meleai


Innate Abilities, Weirdness & Mutations

You cannot wear most types of armour.
You are amphibious.
You can wear up to eight rings at the same time.
Your skin changes colour to match your surroundings (Stealth+).
Your rubbery body absorbs attacks. (AC +1, EV +1)
((You are camouflaged near water. (Stealth+)))
You have tentacles for arms and can constrict up to eight enemies at once.


Message History

You hit the centaur. You squeeze the centaur.
The centaur is almost dead.
The centaur barely misses you.
The centaur kicks you but does no damage.
You hit the centaur.
You kill the centaur!
Vehumet accepts your kill.
Things that are here:
a +0 shortbow; 12 arrows; a centaur corpse A hornet comes into view.
Throw: 57 darts (poison)
Press: ? - help, Q - select action, (/) - cycle Shift-Dir - straight line, f - hornet
Aim: a hornet (asleep, 98% to hit)
You throw a poisoned dart. The poisoned dart hits the hornet.
The hornet is poisoned.
The hornet buzzes angrily.
You hear a shout!
A centaur warrior comes into view.
The centaur warrior wields a +0 shortbow.
The centaur warrior shoots an arrow.
The arrow barely misses you.
The hornet is sucked into a shaft!
The shaft crumbles and collapses.
The centaur warrior enters a dispersal trap!
You blink.
The centaur warrior blinks!
The centaur warrior shoots an arrow.
The arrow hits you!
The centaur warrior shoots an arrow.
The arrow hits you!
Unknown command.
Unknown command.
The centaur warrior shoots an arrow.
The arrow hits you!
The centaur warrior shoots an arrow.
The arrow hits you!
The centaur warrior shoots an arrow.
The arrow hits you!
* * * LOW HITPOINT WARNING * * *
Things that are here:
a +0 shortbow; 12 arrows; a centaur corpse Unknown command.
Okay, then.
Unknown command.
Okay, then.
Unknown command.
Unknown command.
Okay, then.
Unknown command.
The centaur warrior shoots an arrow.
The arrow hits you!!
You die...

#.......#..#..#######.#
#####.#...#...## #.#
#......<#.....# #.#
#.##.#..##...#######.##
#....#.......# #.......
#..###.####.## #.###.##
#..# #.# #.# #.# #...
#..###.# ##+## #.# ####
#......###...###.#
##.######.....##.######
##..# ##.......#.......
##...####.........####...
#.......'....<....+ .
###[.>.####.........#
#..#########.......##
#.###..c..c###....##
#.#.).####...###.##
###...### ###≈..###
#...@## ##...(# #.≈..##
#.^≈.# #...≈## #≈...#
#≈... .c.≈# #.≈≈. ≈≈.#
#...≈ ...# #...≈ #.≈≈.


You could see a centaur warrior.

Vanquished Creatures
  Harold (D:8)
  A two-headed ogre (D:9)
  Pikel (D:4)
  3 centaur zombies
  Maggie (D:8)
  A troll (D:10)
  Eustachio (D:4)
  6 yaks
  2 wraiths (Ossuary)
  A wyvern (D:10)
  A steam dragon (D:6)
  A water moccasin (D:8)
  2 orc warriors
  3 sky beasts (D:6)
  2 ogres
  7 centaurs
  2 kobold brigands (D:7)
  A gnoll sergeant (D:9)
  A bullfrog (D:7)
  A scorpion (D:6)
  A water moccasin zombie (D:7)
  2 water moccasin skeletons
  4 killer bees
  6 howler monkeys
  22 wights
  2 hounds
  A centaur skeleton (D:6)
  4 iguanas
  6 orc wizards
  A killer bee zombie (D:8)
  8 gnolls
  2 white imps (D:6)
  An ufetubus (D:5)
  An adder skeleton (D:4)
  2 worms (D:2)
  2 dart slugs (D:2)
  30 orcs
  4 ball pythons
  An endoplasm (D:2)
  2 giant cockroaches (D:4)
  4 goblins
  3 hobgoblins
  3 jackals (D:4)
  6 kobolds
  3 quokkas
  3 bats
  4 frilled lizards
  A hobgoblin skeleton (Ossuary)
  A hobgoblin zombie (Ossuary)
  2 kobold zombies (Ossuary)
  An orc skeleton (Ossuary)
  An orc zombie (Ossuary)
  4 rats
177 creatures vanquished.

Vanquished Creatures (others)
  5 foxfires (Ossuary)
5 creatures vanquished.

Grand Total: 182 creatures vanquished

Notes
Turn   | Place    | Note
-------+----------+-------------------------------------------
     0 | D:1      | petzl the Octopode Arcane Marksman began the quest for the
                  | Orb.
     0 | D:1      | Reached XP level 1. HP: 13/13 MP: 2/2
    49 | D:1      | Found a faded altar of an unknown god.
   542 | D:2      | Reached XP level 2. HP: 18/18 MP: 3/3
   682 | D:2      | Reached skill level 1 in Stealth
  1960 | D:2      | Reached XP level 3. HP: 23/23 MP: 5/5
  2341 | D:3      | Reached XP level 4. HP: 28/29 MP: 4/6
  2857 | D:3      | Found a sacrificial altar of Ru.
  3311 | D:4      | Noticed Eustachio
  3523 | D:4      | Reached XP level 5. HP: 18/34 MP: 8/8
  3701 | D:4      | Identified the +1 robe "Foah" {Archmagi}
  4037 | D:4      | Found a broken altar of Ashenzari.
  4038 | D:4      | Noticed Pikel
  4038 | D:4      | Noticed a lemure
  4038 | D:4      | Noticed a lemure
  4344 | D:5      | Entered Level 5 of the Dungeon
  4430 | D:5      | Learned a level 3 spell: Stone Arrow
  4434 | D:5      | Learned a level 3 spell: Call Canine Familiar
  4437 | D:5      | Noticed an orc warrior
  4476 | D:5      | Reached XP level 6. HP: 28/41 MP: 7/9
  4581 | D:5      | Identified the ring "Foefoiro" {rElec rF+ SInv}
  4696 | D:5      | Found a bloodstained altar of Trog.
  4967 | D:6      | HP: 1/41 [centaur warrior zombie (5)]
  4975 | D:6      | Reached skill level 1 in Summonings
  4975 | D:6      | Reached XP level 7. HP: 13/46 MP: 7/11
  5046 | D:6      | Found a shimmering altar of Xom.
  5611 | D:6      | Found a staircase to the Ecumenical Temple.
  5622 | Temple   | Entered the Ecumenical Temple
  5645 | Temple   | Became a worshipper of Vehumet
  5728 | D:6      | Reached XP level 8. HP: 52/52 MP: 10/12
  6206 | D:6      | Found an ancient bone altar of Kikubaaqudgha.
  6273 | D:6      | Reached skill level 5 in Stealth
  6614 | D:4      | Identified a scroll of acquirement
  6615 | D:4      | Acquired a +0 demon trident of venom
  6663 | D:4      | Killed Pikel
  6895 | D:4      | Killed Eustachio
  6896 | D:4      | Reached XP level 9. HP: 58/58 MP: 1/14
  7589 | D:5      | Found a glowing golden altar of the Shining One.
  7708 | D:6      | Identified the amulet of Yqodica {Harm Regen+ Int+4 Stlth+}
  8257 | D:6      | Reached * piety under Vehumet
  8257 | D:6      | Offered knowledge of Foxfire by Vehumet.
  8814 | D:8      | Found a sand-covered staircase.
  8861 | Ossuary  | Entered an ossuary
  8867 | Ossuary  | Learned a level 1 spell: Foxfire
  8931 | Ossuary  | Reached skill level 5 in Conjurations
  9057 | Ossuary  | Reached skill level 5 in Earth Magic
 10416 | D:7      | Reached skill level 1 in Evocations
 10531 | D:7      | Reached skill level 1 in Polearms
 10949 | D:7      | Reached XP level 10. HP: 65/65 MP: 3/16
 11043 | D:7      | Reached skill level 5 in Fighting
 11288 | D:7      | Found Emamp's Assorted Antiques.
 11296 | D:7      | Acquired 1157 gold pieces
 11298 | D:7      | Bought a scroll labelled MEAMEPESOZ for 30 gold pieces
 11298 | D:7      | Bought a sapphire potion for 27 gold pieces
 11298 | D:7      | Bought a scroll of identify for 60 gold pieces
 11298 | D:7      | Bought a sapphire ring for 150 gold pieces
 11298 | D:7      | Bought a scroll labelled QUGHOG KAKIRPH for 30 gold pieces
 11298 | D:7      | Bought a scroll of identify for 60 gold pieces
 12208 | D:8      | Noticed Maggie
 12208 | D:8      | Noticed Harold
 12422 | D:9      | Noticed voltaire321's ghost (novice OpEE)
 12433 | D:9      | Noticed a two-headed ogre
 12469 | D:9      | Reached ** piety under Vehumet
 12469 | D:9      | Offered knowledge of Shock by Vehumet.
 12843 | D:10     | Entered Level 10 of the Dungeon
 12935 | D:9      | Noticed a two-headed ogre
 13406 | D:9      | Found a runed translucent gate.
 13435 | D:9      | Found a runed translucent gate.
 13440 | D:9      | Reached skill level 5 in Spellcasting
 13483 | D:9      | Found a runed translucent gate.
 14511 | D:9      | Learned a level 6 spell: Conjure Ball Lightning
 14515 | D:9      | Learned a level 1 spell: Shock
 14543 | D:8      | Found a transporter.
 15118 | D:8      | Killed Maggie
 15119 | D:8      | Reached skill level 1 in Air Magic
 15901 | D:8      | Learned a level 4 spell: Sticky Flame
 15937 | D:8      | Found a corrupted altar of Lugonu.
 15967 | D:8      | Noticed a cyan ugly thing
 15968 | D:8      | Found a transporter.
 15968 | D:8      | Noticed a white ugly thing
 15969 | D:8      | Noticed a red ugly thing
 15996 | D:8      | Killed Harold
 15997 | D:8      | Reached skill level 1 in Fire Magic
 15997 | D:8      | Reached XP level 11. HP: 56/72 MP: 6/19
 16452 | D:9      | Killed a two-headed ogre
 16967 | D:10     | Noticed a centaur warrior
 16978 | D:10     | Shot with an arrow by a centaur warrior

Illustrated notes

Levels and vault maps discovered:
D:1:      shiori_shiawase, layout_rooms, basic_ecumenical_altar
D:2:      layout_loops_cross, minmay_tiny_reverse_x
D:3:      layout_loops_ring, overflow_temple_1_default, minmay_misc_feat_x
D:4:      layout_basic, nicolae_ashenzari_skybound, uniq_pikel, uniq_eustachio
D:5:      layout_cave_pools, nicolae_tso_carved_into_rock,
          mainiacjoe_overflow_chevrons, serial_column_ruins, column_ruins_hut,
          column_ruins_grid_2, column_ruins_open_medium,
          column_ruins_open_medium, column_ruins_open_tiny,
          column_ruins_open_small, column_ruins_open_small,
          column_ruins_columns_water
D:6:      layout_basic, nicolae_overflow_crystal_walls,
          mainiacjoe_overflow_24_doors, minmay_temple_entry_statues_pillars,
          minmay_misc_feat_encased, minmay_misc_feat_iff, minmay_quadrilaterals
D:7:      layout_gridville, serial_shops, shop
D:8:      gammafunk_corrupted_shrine, layout_cave_pools,
          nicolae_ossuary_entry_ruins, uniq_maggie, uniq_harold
D:9:      layout_irregular_city, gammafunk_ghost_split, minivault_25_ag
D:10:     kennysheep_blocky_room, layout_loops_corners,
          chequers_temple_overflow_statue_of_worship, hangedman_decor_riveting,
          nzn_random_ring, uniq_snorg
Temple:   nicolae_temple_god_jail

Skill      XL: |  1  2  3  4  5  6  7  8  9 10 11 |
---------------+----------------------------------+-----
Stealth        | 1 2 3 4 5 7 8 |  8.1
Fighting       | 2 3 4 6 |  6.2
Spellcasting   | 2 3 4 5 |  5.6
Dodging        | 3 4 |  4.0
Crossbows      | 3 |  3.5
Conjurations   | 2 4 6 7 8 |  8.1
Summonings     | 1 2 3 4 |  4.0
Earth Magic    | 2 4 5 6 |  6.0
Evocations     | 1 3 |  3.0
Polearms       | 1 3 |  3.0
Air Magic      | 2 |  2.5
Fire Magic     | 1 2 |  2.6
Hexes          | |  3.0

Action                   |  1- 3 |  4- 6 |  7- 9 | 10-12 || total
-------------------------+-------+-------+-------+-------++-------
Melee: Short sword       |    24 |    89 |    37 |       ||   150
       Constrict         |     9 |    15 |    11 |     9 ||    44
       Tentacles         |     5 |    23 |     8 |    18 ||    54
       Demon trident     |       |       |    36 |    90 ||   126
 Fire: Hand crossbow     |    43 |    85 |   105 |    63 ||   296
Throw: Dart              |       |       |    13 |     6 ||    19
 Cast: Slow              |     7 |    31 |    66 |    61 ||   165
       Call Canine Famil |       |       |     5 |     5 ||    10
       Stone Arrow       |       |       |    65 |    54 ||   119
       Foxfire           |       |       |     4 |       ||     4
       Shock             |       |       |       |     3 ||     3
       Sticky Flame      |       |       |       |     2 ||     2
  Use: Scroll            |     1 |     6 |     6 |     6 ||    19
       Potion            |       |     3 |     1 |     1 ||     5
 Stab: Sleeping          |     1 |     1 |     2 |     2 ||     6
Armor: Skin              |     2 |     7 |     5 |    34 ||    48
Dodge: Dodged            |    19 |    58 |    75 |   111 ||   263

Table legend: (Time is in decaauts)
 A = Elapsed time spent in this place.
 B = Non-inter-level travel time spent in this place.
 C = Inter-level travel time spent in this place.
 D = Time resting spent in this place.
 E = Time spent auto-exploring this place.
 F = Levels seen in this place.
 G = Mean time per level.
                   A        B        C        D        E       F      G
               +--------+--------+--------+--------+--------+-----+--------+
         Total |  17073 |  15968 |   1105 |   6908 |   3759 |  12 | 1422.8 |
       Dungeon |  16001 |  14906 |   1095 |   6213 |   3757 |  10 | 1600.1 |
        Temple |     33 |     23 |     10 |      0 |      2 |   1 |   33.0 |
       Ossuary |   1037 |   1037 |      0 |    695 |      0 |   1 | 1037.0 |
               +--------+--------+--------+--------+--------+-----+--------+

Top non-repeatable levels by time:
     D:9: 3211 daAuts
     D:7: 2673 daAuts
     D:6: 2457 daAuts
     D:2: 1591 daAuts
     D:3: 1492 daAuts
     D:4: 1358 daAuts
     D:5: 1086 daAuts
 Ossuary: 1037 daAuts
     D:8: 970 daAuts
    D:10: 616 daAuts
     D:1: 543 daAuts
  Temple: 33 daAuts
